 Dungeon Crawl Stone Soup version 0.16-a0-3997-g61da7c2 (webtiles) character file.

69 timbw the Vexing (level 4, -4/30 HPs)
             Began as a Human Enchanter on Feb 13, 2015.
             Shot with an arrow by a centaur (9 damage)
             ... on level 4 of the Dungeon.
             The game lasted 00:03:11 (602 turns).

timbw the Vexing (Human Enchanter)                   Turns: 602, Time: 00:03:11

Health: -4/30      AC:  4    Str:  9    XL:     4   Next: 42%
Magic:  2/7        EV: 12    Int: 15    God:
Gold:   11         SH:  0    Dex: 14    Spells: 2 memorised, 4 levels left

rFire  . . .     SeeInvis .     a - +1 dagger
rCold  . . .     Clarity  .     b - +1 robe
rNeg   . . .     SustAb   .     (no shield)
rPois  .         Gourm    .     (no helmet)
rElec  .         Spirit   .     j - +0 cloak
rCorr  .         Warding  .     (no gloves)
rMut   .         Stasis   .     (no boots)
MR     .....                    (no amulet)
Stlth  +++.......               (no ring)
                                (no ring)

@: lethally poisoned (-4 -> -9), very slightly contaminated, not resistant to
hostile enchantments, fairly stealthy
A: no striking features
a: no special abilities


You were on level 4 of the Dungeon.
You were not hungry.

You visited 1 branch of the dungeon, and saw 3 of its levels.

You collected 11 gold pieces.

Inventory:

Hand weapons
 a - a +1 dagger (weapon)
 e - a +0 hunting sling
 g - a +0 blowgun
Armour
 b - a +1 robe (worn)
 f - a +0 leather armour
 j - a +0 cloak (worn)
Books
 c - a book of Maledictions

   Spells                             Type                      Level
   a - Corona                         Hexes                        1
   b - Sure Blade                     Hexes/Charms                 2
   c - Ensorcelled Hibernation        Hexes/Ice                    2
   d - Confuse                        Hexes                        3
   e - Dazzling Spray                 Conjuration/Hexes            3
   f - Enslavement                    Hexes                        4
Comestibles
 d - a bread ration
 i - 2 chunks of flesh


   Skills:
 + Level 1.9 Short Blades
 - Level 2.0 Dodging
 * Level 3.9 Stealth
 - Level 2.0 Spellcasting
 * Level 3.9 Hexes


You had 4 spell levels left.
You knew the following spells:

 Your Spells              Type           Power        Failure   Level  Hunger
a - Corona                Hex            ##.....      6%          1    #......
b - Ensorcelled Hibernat  Hex/Ice        #.....       17%         2    ###....


Dungeon Overview and Level Annotations

Branches:
Dungeon (4/15)
 Temple: D:4-7

Altars:
Fedhas

Annotations:
D:4 timbw's ghost, weakling CeEn


Message History

* * * LOW HITPOINT WARNING * * *
You feel sick.
The centaur shoots an arrow.
The arrow completely misses you.
The centaur shoots an arrow.
The arrow completely misses you.
You see here 2 arrows.
* * * LOW HITPOINT WARNING * * *
You feel sick.
The centaur shoots an arrow.
The arrow hits you but does no damage.
The centaur shoots an arrow.
The arrow closely misses you.
Found an arrow.
* * * LOW HITPOINT WARNING * * *
You feel sick.
The centaur unwields an uncursed shortbow.
The centaur hits the bush.
* * * LOW HITPOINT WARNING * * *
You feel sick.
The centaur hits the bush but does no damage.
The centaur hits the bush.
The worker ant barely misses you.
The centaur wields an uncursed shortbow.
The centaur shoots an arrow.
The arrow hits you!
You die... ###.### #.######.[..##... ### #.W#####....##### #K.....# #.. #KPPP.P# . #.PcP.P# ####gPP_PP# #..a.PPPP

#
#(....PP..#
#..@.....#
#...........
##.........
#.#.######
###.# ...
###


You could see a centaur, a worker ant, timbw's ghost, a hobgoblin and 2 kobolds.

Vanquished Creatures
  A scorpion (D:4)
  An adder (D:4)
  A giant gecko (D:2)
  A bat (D:2)
  A giant cockroach (D:2)
  A giant newt (D:1)
  2 goblins
  2 kobolds (D:2)
  2 rats
12 creatures vanquished.

Notes
Turn   | Place    | Note
--------------------------------------------------------------
     0 | D:1      | timbw, the Human Enchanter, began the quest for the Orb.
     0 | D:1      | Reached XP level 1. HP: 13/13 MP: 3/3
   174 | D:2      | Reached XP level 2. HP: 2/19 MP: 4/4
   327 | D:2      | Learned a level 2 spell: Ensorcelled Hibernation
   479 | D:2      | You fall through a shaft!
   514 | D:4      | Noticed a scorpion
   515 | D:4      | Reached XP level 3. HP: 20/24 MP: 6/6
   522 | D:4      | Killed a scorpion
   522 | D:4      | Reached XP level 4. HP: 26/30 MP: 7/7
   535 | D:4      | Noticed timbw's ghost (weakling CeEn)
   594 | D:4      | Found a blossoming altar of Fedhas.
   594 | D:4      | Noticed a centaur
   602 | D:4      | Shot with an arrow by a centaur

Action                   |  1- 3 |  4- 6 || total
-------------------------+-------+-------++-------
Melee: Dagger            |    36 |     1 ||    37
 Cast: Corona            |     7 |       ||     7
       Ensorcelled Hiber |     1 |     2 ||     3
  Use: Scroll            |     1 |       ||     1
 Stab: Sleeping          |     4 |       ||     4
